 Dungeon Crawl Stone Soup version 0.29-a0-284-gf9362112df (webtiles) character file.

Game seed: 11959885289771603470

51 spaghetti the Caller (level 3, 0/72 HPs)
             Began as an Ogre Summoner on Mar 26, 2022.
             Was a Believer of Elyvilon (penitent).
             Killed from afar by an orc wizard (6 damage)
             ... with a puff of flame
             ... on level 3 of the Dungeon.
             The game lasted 00:04:16 (2745 turns).

spaghetti the Caller (Ogre Summoner)                Turns: 2745, Time: 00:04:17

Health: 0/72       AC: 21    Str: 12    XL:     3   Next: 81%
Magic:  5/6        EV:  1    Int: 18    God:    Elyvilon [**....]
Gold:   52         SH:  0    Dex:  9    Spells: 0/6 levels left

rFire   . . .      SeeInvis .   f - +0 spear {polearm}
rCold   . . .      Faith    .   (no shield)
rNeg    . . .      Spirit   .   (body armour currently unavailable)
rPois   +          Reflect  .   (helmet currently unavailable)
rElec   .          Harm     .   (cloak currently unavailable)
rCorr   .          Rampage  .   (gloves unavailable)
Will    .....      NoTele   +   (boots unavailable)
Stlth   ..........              (no amulet)
HPRegen 0.22/turn               (no ring)
MPRegen 0.10/turn               (no ring)

@: berserking (expiring), tree-form, very quick
A: stationary, stasis, torment immunity, boosted hp, large, unfitting armour,
(tough skin 1)
a: Renounce Religion


You were on level 3 of the Dungeon.
You worshipped Elyvilon.
Elyvilon was demanding penance.
You were a tree.
You visited 1 branch of the dungeon, and saw 3 of its levels.

You collected 52 gold pieces.


Innate Abilities, Weirdness & Mutations

You are a tree.
Your roots penetrate the ground, keeping you stationary.
You cannot be teleported.
You are immune to unholy pain and torment.
Your maximum health is greatly increased.
Your equipment is partially melded.
You are too large for most types of armour.
((You have tough skin. (AC +1)))


   Skills:
 - Level 0.6 Fighting
 - Level 1.7 Dodging
 - Level 1.4 Stealth
 - Level 2.4 Spellcasting
 * Level 4.6 Summonings
 + Level 1.1 Invocations


You couldn't memorise any spells.
You knew the following spells:

 Your Spells              Type           Power      Damage    Failure   Level
a - Summon Small Mammal   Summ           72%        N/A       2%          1
b - Call Imp              Summ           18%        N/A       3%          2
c - Call Canine Familiar  Summ           18%        N/A       8%          3

Your spell library contained the following spells:

 Spells                   Type           Power      Damage    Failure   Level
 Summon Guardian Golem    Hex/Summ       10%        N/A       21%         3
 Summon Lightning Spire   Summ/Air       10%        N/A       54%         4

Inventory:

Hand Weapons
 f - a +0 spear (weapon) {polearm}
   (You found it on level 1 of the Dungeon)
 j - a +0 dagger {short}
   (You took it off a goblin on level 1 of the Dungeon)
 l - a +0 dagger {short}
   (You took it off a goblin on level 1 of the Dungeon)
 n - a +0 club {mace}
   (You took it off a goblin on level 2 of the Dungeon)
Missiles
 c - 56 stones (quivered) {throwing}
 e - 3 poisoned darts {throwing}
Armour
 a - a +0 robe (melded)
Magical Staves
 d - a staff of death {!astaff}
   (You found it on level 1 of the Dungeon)
Jewellery
 m - an amulet of reflection
   (You found it on level 2 of the Dungeon)
Scrolls
 g - 6 scrolls of identify {unknown}
 h - a scroll of fear {unknown}
 p - a scroll of torment {unknown}
Potions
 b - a potion of magic
 i - 3 potions of heal wounds {@q2}
 q - a potion of curing {unknown}

Dungeon Overview and Level Annotations

Branches:
Dungeon (3/15)

Altars:
Elyvilon

#.#...#...#.##.#
#.#.#.#.....##.#
#.#..........#.#
#.#.....#.#..#.#
#.#.......#..#.#
#.#......<...#.#
#............#.#
######...........#
#{)♣..###.########
#.###.###.# #.#
#.....# #.#
####### #.o ###.
.. ##


There were no monsters in sight!


Message History

You are more confused.
Unknown command.
Something hits you. 😕 HP[-3]
You take 3 damage, and now have 28/32 hp.
Something hits you but does no damage. Something hits you but does no damage.
Something hits you. 😕 HP[-2]
You take 2 damage, and now have 26/32 hp.
Something hits you but does no damage.
An orc priest comes into view. It is wielding a +0 flail.
The orc wizard mumbles some strange words.
The orc wizard flickers and vanishes!
The orc priest shouts!
You hear some strange, mumbled words.
You are more confused.
Something hits you but does no damage. 😕 HP[+1]
Something hits you. 😕 HP[-1]
You take 1 damage, and now have 26/32 hp.
Something hits you. 😮 HP[-2] MP[+1]
You take 2 damage, and now have 24/32 hp.
Something hits you but does no damage. Something hits you.
An orc comes into view. It is wielding a +0 club. 😮 HP[-3]
You take 3 damage, and now have 21/32 hp.
You feel less confused.
The orc shouts!
Something hits you. 😮 HP[-2]
You take 2 damage, and now have 19/32 hp.
Your hound disappears in a puff of smoke!
You hear some strange, mumbled words.
A magic dart appears from out of thin air!
The magic dart hits you!
* * * LOW HITPOINT WARNING * * *
A magic dart appears from out of thin air!
The magic dart hits something! 😨 HP[-9]
You take 9 damage, and now have 10/32 hp.
MASSIVE DAMAGE!! (PAUSE)
Something hits you.
* * * LOW HITPOINT WARNING * * *
😱 HP[-2]
You take 2 damage, and now have 8/32 hp.
It was a potion of lignification.
You turn into a tree.
Your +0 robe melds into your body.
Your roots penetrate the ground.
Something hits you but does no damage. 😨 HP[+5]
You now have 48 max hp (+16).
You regained 5 hp, and now have 13/48 hp.
It was a potion of berserk rage.
A red film seems to cover your vision as you go berserk!
You feel yourself moving faster!
You feel mighty!
Something hits you but does no damage. 😨 HP[+7]
You now have 72 max hp (+24).
You regained 7 hp, and now have 20/72 hp.
You barely miss something.
Something hits you but does no damage. 😨 MP[+1]
You miss something. You closely miss something. Something hits you.
* * * LOW HITPOINT WARNING * * *
You completely miss something.
You hear some strange, mumbled words.
A puff of flame appears from out of thin air!
The puff of flame hits you but does no damage.
You puncture something! Something hits you.
* * * LOW HITPOINT WARNING * * *
😱 HP[-2]
You take 2 damage, and now have 18/72 hp.
You hit something.
Reactivating autopickup.
You feel a bit more experienced.
Your Invocations skill increases to level 1!
You hit the orc. You hit the orc. The orc hits you but does no damage.
You hit the orc.
You kill the orc! 😨 HP[+1]
You barely miss the orc priest. You hit the orc priest.
The orc priest hits you but does no damage.
You hit the orc priest.
The orc priest calls down the wrath of Beogh upon you.
Beogh smites you!
* * * LOW HITPOINT WARNING * * *
😱 HP[-13]
You take 13 damage, and now have 6/72 hp.
You hit the orc priest. You puncture the orc priest!
You kill the orc priest!
You hear some strange, mumbled words.
A puff of flame appears from out of thin air!
Deactivating autopickup; reactivate with Ctrl-A.
The puff of flame hits you.
You die...

Skill      XL: |  1  2  3 |
---------------+----------+-----
Summonings     | 4 |  4.6
Invocations    | 1 |  1.1
Fighting       | |  0.6
Dodging        | |  1.7
Stealth        | |  1.4
Spellcasting   | |  2.4

Action                   || total
-------------------------++-------
Melee: Unarmed           ||    91
       Spear             ||    40
       Punch             ||     3
 Cast: Summon Small Mamm ||    21
       Call Imp          ||     1
       Call Canine Famil ||     2
  Use: Potion            ||     4
 Stab: Distracted        ||     1
       Sleeping          ||     1
Armor: Robe              ||    54
       Skin              ||     6
Dodge: Dodged            ||    66

Levels and vault maps discovered:
D:1:      dpeg_arrival_rhombi, layout_basic, shapermc_ecumenical_altar_gd
D:2:      layout_basic
D:3:      layout_basic, mainiacjoe_overflow_alcove_1, nzn_wu_jian_council_hall

Notes
Turn   | Place    | Note
-------+----------+-------------------------------------------
     0 | D:1      | spaghetti the Ogre Summoner began the quest for the Orb.
     0 | D:1      | Reached XP level 1. HP: 16/16 MP: 3/3
     0 | D:1      | magus.rc [v1.9.6]
   489 | D:1      | Reached skill level 4 in Summonings
   489 | D:1      | Reached XP level 2. HP: 21/24 MP: 5/5
   557 | D:1      | Learned a level 2 spell: Call Imp
   945 | D:1      | Found a faded altar of an unknown god.
   970 | D:1      | Prayed at the altar of an unknown god.
   970 | D:1      | Became a worshipper of Elyvilon the Healer
   970 | D:1      | Reached * piety under Elyvilon
  1595 | D:2      | HP: 5/24 [hobgoblin (3)]
  2002 | D:2      | HP: 6/26 [poisoned by an adder]
  2006 | D:2      | Reached XP level 3. HP: 32/32 MP: 4/6
  2010 | D:2      | Learned a level 3 spell: Call Canine Familiar
  2233 | D:2      | Reached ** piety under Elyvilon
  2709 | D:3      | Was placed under penance by Elyvilon
  2727 | D:3      | HP: 8/32 [something (2)]
  2736 | D:3      | HP: 18/72 [something (2)]
  2738 | D:3      | Reached skill level 1 in Invocations
  2743 | D:3      | HP: 6/72 [orc priest/divine providence (13)]
  2745 | D:3      | Killed from afar by an orc wizard

Vanquished Creatures
  An orc priest (D:3)
  An orc wizard (D:3)
  An adder (D:2)
  An orc (D:3)
  2 endoplasms
  2 goblins (D:1)
  3 hobgoblins
  A jackal (D:2)
  A quokka (D:1)
  A ball python (D:1)
  A rat (D:2)
15 creatures vanquished.

Vanquished Creatures (collateral kills)
  A ball python (D:1)
  3 endoplasms (D:1)
  A goblin (D:2)
  A hobgoblin (D:2)
  A jackal (D:2)
  2 bats (D:1)
  A frilled lizard (D:1)
10 creatures vanquished.

Vanquished Creatures (others)
  A fungus (D:1)
  A withered plant (D:1)
2 creatures vanquished.

Grand Total: 27 creatures vanquished

Table legend:
 A = Non-vault XP
 B = Vault XP
 C = Vault XP percentage of total XP
 D = Non-vault monster count
 E = Vault monster count
 F = Vault count percentage of total count
                 A         B        C        D         E       F
            +---------+---------+-------+---------+---------+-------
      Total |     114 |       0 |   0.0 |      25 |       0 |   0.0
            +---------+---------+-------+---------+---------+-------
        D:1 |      24 |       0 |   0.0 |      14 |       0 |   0.0
        D:2 |      26 |       0 |   0.0 |       8 |       0 |   0.0
        D:3 |      64 |       0 |   0.0 |       3 |       0 |   0.0
            +---------+---------+-------+---------+---------+-------

Illustrated notes

Table legend:
 A = Kills in this place as a percentage of kills in entire the game.
 B = Kills by you in this place as a percentage of kills by you in the entire game.
 C = Kills by friends in this place as a percentage of kills by friends in the entire game.
 D = Other kills in this place as a percentage of other kills in the entire game.
 E = Experience gained in this place as a percentage of experience gained in the entire game.
 F = Experience gained in this place divided by the number of levels of this place that you have seen.
                   A       B       C       D       E      F
               +-------+-------+-------+-------+-------+----------------------
         Total | 100.0 | 100.0 | 100.0 |   N/A | 100.0 |  38.0
       Dungeon | 100.0 | 100.0 | 100.0 |   N/A | 100.0 |  38.0
               +-------+-------+-------+-------+-------+----------------------

Table legend: (Time is in decaauts)
 A = Elapsed time spent in this place.
 B = Non-inter-level travel time spent in this place.
 C = Inter-level travel time spent in this place.
 D = Time resting spent in this place.
 E = Time spent auto-exploring this place.
 F = Levels seen in this place.
 G = Mean time per level.
                   A        B        C        D        E       F      G
               +--------+--------+--------+--------+--------+-----+--------+
         Total |   2743 |   2679 |     64 |     34 |   2329 |   3 |  914.3 |
       Dungeon |   2743 |   2679 |     64 |     34 |   2329 |   3 |  914.3 |
               +--------+--------+--------+--------+--------+-----+--------+

Top non-repeatable levels by time:
     D:2: 1430 daAuts
     D:1: 1220 daAuts
     D:3: 92 daAuts
